 Dungeon Crawl Stone Soup version 0.23.2-30-g0e89c35649 (webtiles) character file.

Game seed: 2951813020083907876

6151 EcosseEcosse the Cleaver (level 10, 0/88 HPs)
             Began as a Minotaur Fighter on June 23, 2019.
             Was a High Priest of Nemelex Xobeh.
             Slain by a water moccasin (2 damage)
             ... on level 2 of the Lair of Beasts.
             The game lasted 00:41:58 (11343 turns).

EcosseEcosse the Cleaver (Minotaur Fighter)        Turns: 11343, Time: 00:41:59

Health: 0/88       AC: 13    Str: 22    XL:     10   Next: 59%
Magic:  9/9        EV: 11    Int:  6    God:    Nemelex Xobeh [*****.]
Gold:   535        SH: 11    Dex: 11    Spells: 9/9 levels left

rFire    x . .     SeeInvis .   I - +2 hand axe (chop)
rCold    + . .     Gourm    .   c - +0 shield
rNeg     + . .     Faith    +   b - +5 scale mail
rPois    .         Spirit   .   (helmet restricted)
rElec    .         Reflect  .   (no cloak)
rCorr    .         Harm     .   (no gloves)
MR       .....                  (no boots)
Stlth    ..........             A - amulet of faith
HPRegen  0.24/turn              m - ring of ice
MPRegen  0.11/turn              J - ring of positive energy

@: lethally poisoned (0 -> -1)
A: retaliatory headbutt, horns 2
a: Draw Escape, Draw Destruction, Draw Summoning, Triple Draw, Deal Four, Stack
Five, Renounce Religion


You were on level 2 of the Lair of Beasts.
You worshipped Nemelex Xobeh.
Nemelex Xobeh was extremely pleased with you.
You were not hungry.

You visited 3 branches of the dungeon, and saw 12 of its levels.
You also visited: Ossuary.

You collected 645 gold pieces.
You spent 110 gold pieces at shops.

Inventory:

Hand Weapons
 a - a +0 war axe
 h - a +4 great sword of freezing
 s - a +3 halberd
 u - a +4 short sword
 w - a +2 short sword of speed
 D - the cursed +2 great sword "Ninud" {drain, rPois, unknown}
   (You found it on level 6 of the Dungeon)

   A truly terrible weapon, it drains the life of those it strikes.
   It protects you from poison.
   It has a curse placed upon it.
 I - a +2 hand axe of chopping (weapon)
 L - a +2 shortbow of flaming
Missiles
 M - 100 arrows
Armour
 b - a +5 scale mail (worn)
 c - a +0 shield (worn)
Jewellery
 m - a ring of ice (left hand)
 y - an uncursed ring of ice
 A - an amulet of faith (around neck)
 J - a ring of positive energy (right hand)
Wands
 p - a wand of acid (11)
 x - a wand of flame (36)
 H - a wand of polymorph (7)
 K - a wand of paralysis (9)
Scrolls
 g - 2 scrolls of noise {unknown}
 j - 8 scrolls of remove curse
 k - a scroll of immolation
 q - 5 scrolls of teleportation
 B - a scroll of amnesia {unknown}
 F - a scroll of acquirement {unknown}
 G - a scroll of identify
Potions
 d - 2 potions of lignification
 e - a potion of ambrosia
 i - 2 potions of invisibility {unknown}
 n - 2 potions of mutation {unknown}
 o - a potion of resistance {unknown}
 r - a potion of flight {unknown}
 t - 5 potions of brilliance
 v - a potion of curing
 z - a potion of agility
 C - a potion of magic
 E - a potion of cancellation {unknown}
Comestibles
 f - 21 rations


   Skills:
 + Level 8.2 Fighting
 + Level 12.1 Axes
 + Level 8.6 Armour
 + Level 5.2 Dodging
 + Level 1.1 Stealth
 + Level 9.1 Shields
 + Level 0.7 Invocations


You had 9 spell levels left.
You didn't know any spells.
Your spell library contained the following spells:

 Spells                   Type           Power        Failure   Level  Hunger
 Beastly Appendage        Tmut           #.....       94%         1    ##.....
 Confusing Touch          Hex            #.....       94%         1    ##.....
 Sting                    Conj/Pois      #...         94%         1    ##.....
 Poisonous Vapours        Pois/Air       #.....       98%         2    ###....
 Sticks to Snakes         Tmut           #.......     98%         2    ###....
 Confuse                  Hex            #.......     100%        3    ####...
 Gell's Gravitas          Tloc           #.........   100%        3    ####...
 Mephitic Cloud           Conj/Pois/Air  #.......     100%        3    ####...
 Spider Form              Tmut/Pois      #.........   100%        3    ####...
 Ice Form                 Ice/Tmut       #.......     100%        4    #####..
 Olgreb's Toxic Radiance  Pois           #.......     100%        4    #####..
 Petrify                  Tmut/Erth      #.......     100%        4    #####..
 Blade Hands              Tmut           #.........   100%        5    ######.
 Metabolic Englaciation   Hex/Ice        #.........   100%        5    ######.
 Venom Bolt               Conj/Pois      #.........   100%        5    ######.
 Yara's Violent Unravell  Hex/Tmut       #.........   100%        5    ######.


Dungeon Overview and Level Annotations

Branches:
Dungeon (9/15)             Temple (1/1) D:5            Lair (2/6) D:9
  Swamp: Lair:2-4    Shoals: Lair:2-4     Snake: Lair:2-4    Spider: Lair:2-4
    Orc: D:9-12

Altars:
Ashenzari
Cheibriados
Dithmenos
Elyvilon
Fedhas
Gozag
Hepliaklqana
Kikubaaqudgha
Makhleb
Nemelex Xobeh
Okawaru
Qazlal
Ru
Sif Muna
Trog
Uskayaw
Vehumet
Wu Jian
Xom
Yredelemnul
Zin
The Shining One

Shops:
D:8 [?!(   D:9 *

Annotations:
Lair:2 1 runed translucent door, Hyeqets's ghost, journeyman TrMo


Innate Abilities, Weirdness & Mutations

You reflexively headbutt those who attack you in melee.
You have a pair of horns on your head.


Message History

The bullfrog hits you but does no damage.
The water moccasin bites you but does no damage.
Found 3 chunks of flesh, a glowing chain mail and a scroll of immolation.
You block the bullfrog's attack. The bullfrog hits you.
* * * LOW HITPOINT WARNING * * *
* * * LOW HITPOINT WARNING * * *
You feel sick.
Found a runed fluorescent wand.
A water moccasin comes into view.
The water moccasin bites you but does no damage.
You block the bullfrog's attack. You block the bullfrog's attack.
* * * LOW HITPOINT WARNING * * *
You feel sick.
The water moccasin bites you but does no damage.
You block the bullfrog's attack. The water moccasin bites you.
You die...
Your body disappears without a glow.

+. §§+........ .
§W#...!....P##
..#####..........#
................P#
#......t.P####.PP##
../...........P..§
................. .
#.##.....FS..#..#
..#.. .
##.#..S@#.#..##
#..#..
#............#
#.....
####.#......#.#
#.....
##.......######..#..
#...............#..
##.......}......#..
##.....#.##......#.
#......####.)......
##....## #........


You could see 2 water moccasins, a crocodile and a bullfrog.

Vanquished Creatures
  A deep elf mage (D:6)
  2 hippogriffs (Lair:1)
  A wraith (Ossuary)
  3 yaks (Lair:2)
  A soldier ant (D:7)
  3 porcupines
  3 orc warriors
  A sky beast (D:6)
  A necrophage (D:9)
  A black bear (D:7)
  An ice beast (D:6)
  3 phantoms
  6 ogres
  6 wolves (Lair:1)
  A centaur (D:9)
  A crocodile (Lair:1)
  Blork the orc (D:6)
  2 bullfrogs
  A wyvern skeleton (D:8)
  A scorpion (D:9)
  5 wights (D:7)
  A howler monkey (D:8)
  2 bullfrog zombies
  2 crimson imps (D:5)
  5 hounds
  4 jellies
  8 orc priests
  9 orc wizards
  A gnoll shaman (D:8)
  3 bullfrog skeletons
  A centaur skeleton (D:6)
  Jessica (D:2)
  Ijyb (D:4)
  3 iguanas
  5 worker ants
  2 hound zombies (D:6)
  A mummy (Ossuary)
  A howler monkey zombie (D:9)
  A worker ant zombie (D:8)
  14 gnolls
  2 howler monkey skeletons
  11 adders
  3 oozes
  An adder zombie (D:7)
  5 worms
  2 dart slugs (D:2)
  6 leopard geckos
  48 orcs
  8 giant cockroaches
  7 hobgoblins
  13 jackals
  4 quokkas
  A ball python (D:3)
  2 ball python skeletons
  3 bats
  6 frilled lizards
  7 gnoll skeletons (Ossuary)
  13 goblins
  3 kobolds
  5 kobold skeletons (Ossuary)
  A leopard gecko zombie (D:5)
  13 orc skeletons (Ossuary)
  6 rats
  2 fungi (Lair:1)
282 creatures vanquished.

Vanquished Creatures (collateral kills)
  2 orcs (D:4)
2 creatures vanquished.

Vanquished Creatures (others)
  An orc wizard (D:4)
  An orc (D:4)
  A quokka (D:5)
  A fungus (Lair:2)
  3 plants
7 creatures vanquished.

Grand Total: 291 creatures vanquished

Notes
Turn   | Place    | Note
-------+----------+-------------------------------------------
     0 | D:1      | EcosseEcosse the Minotaur Fighter began the quest for the
                  | Orb.
     0 | D:1      | Reached XP level 1. HP: 19/19 MP: 0/0
   166 | D:1      | Reached XP level 2. HP: 27/27 MP: 1/1
   553 | D:2      | Reached XP level 3. HP: 31/33 MP: 2/2
   711 | D:2      | Reached skill level 3 in Axes
   819 | D:2      | Found a faded altar of an unknown god.
   827 | D:2      | Became a worshipper of Ashenzari the Shackled
   827 | D:2      | Reached * piety under Ashenzari
   836 | D:2      | Noticed Jessica
   841 | D:2      | Killed Jessica
   841 | D:2      | Reached XP level 4. HP: 35/40 MP: 3/3
   857 | D:2      | Found a sparkling altar of Nemelex Xobeh.
   903 | D:2      | Fell from the grace of Ashenzari
   903 | D:2      | Became a worshipper of Nemelex Xobeh the Trickster
  1227 | D:2      | Received a gift from Nemelex Xobeh
  1358 | D:3      | Found a blossoming altar of Fedhas.
  1384 | D:3      | Found a basalt altar of Yredelemnul.
  1427 | D:3      | Found a shadowy altar of Dithmenos.
  1433 | D:3      | Reached skill level 4 in Axes
  1442 | D:3      | Reached XP level 5. HP: 44/46 MP: 4/4
  1680 | D:3      | Reached skill level 5 in Axes
  1680 | D:3      | Reached skill level 1 in Dodging
  1768 | D:3      | Was forgiven by Ashenzari
  1887 | D:3      | Found a stormy altar of Qazlal.
  1924 | D:3      | Reached * piety under Nemelex Xobeh
  2017 | D:3      | Reached XP level 6. HP: 53/53 MP: 5/5
  2285 | D:4      | Reached skill level 5 in Armour
  2293 | D:4      | Received a gift from Nemelex Xobeh
  2850 | D:4      | Received a gift from Nemelex Xobeh
  2877 | D:4      | Reached skill level 6 in Axes
  2880 | D:4      | Found a bloodstained altar of Trog.
  2950 | D:4      | Reached skill level 5 in Fighting
  2998 | D:4      | Reached XP level 7. HP: 61/61 MP: 6/6
  3061 | D:4      | Reached ** piety under Nemelex Xobeh
  3093 | D:4      | Reached skill level 5 in Shields
  3509 | D:4      | Noticed Ijyb
  3521 | D:4      | Killed Ijyb
  3594 | D:5      | Entered Level 5 of the Dungeon
  3594 | D:5      | Found a staircase to the Ecumenical Temple.
  3628 | D:5      | Found a white marble altar of Elyvilon.
  3632 | D:5      | Reached skill level 7 in Axes
  3949 | D:5      | Received a gift from Nemelex Xobeh
  4051 | D:5      | Found a shadowy altar of Dithmenos.
  4197 | D:5      | Reached XP level 8. HP: 62/69 MP: 7/7
  4556 | D:6      | Found a sand-covered staircase.
  4560 | Ossuary  | Entered an ossuary
  4572 | Ossuary  | Received a gift from Nemelex Xobeh
  4800 | Ossuary  | Reached skill level 8 in Axes
  4932 | D:6      | Reached *** piety under Nemelex Xobeh
  5153 | D:6      | Noticed Blork the orc
  5165 | D:6      | Killed Blork the orc
  5165 | D:6      | Reached skill level 9 in Axes
  5221 | D:6      | HP: 2/70 [poisoned by an orc]
  5645 | D:6      | Received a gift from Nemelex Xobeh
  5879 | D:6      | Reached XP level 9. HP: 72/78 MP: 8/8
  5927 | D:6      | Got a bloodstained great sword
  6032 | D:6      | Noticed a deep elf mage
  6050 | D:6      | Killed a deep elf mage
  6237 | D:6      | Received a gift from Nemelex Xobeh
  6239 | D:6      | Found an ornate altar of the Wu Jian Council.
  6246 | D:6      | Found an ancient bone altar of Kikubaaqudgha.
  6246 | D:6      | Found a deep blue altar of Sif Muna.
  6246 | D:6      | Found a sparkling altar of Nemelex Xobeh.
  6421 | D:6      | Found a bloodstained altar of Trog.
  6523 | D:7      | Reached skill level 10 in Axes
  7399 | D:7      | Received a gift from Nemelex Xobeh
  7750 | D:7      | Reached skill level 11 in Axes
  8024 | Temple   | Entered the Ecumenical Temple
  9082 | D:8      | Found Moup's Distillery.
  9085 | D:8      | Bought a potion of heal wounds for 50 gold pieces
  9105 | D:8      | Found Akleudonwu's Weapon Emporium.
  9117 | D:8      | Reached **** piety under Nemelex Xobeh
  9172 | D:8      | Reached skill level 1 in Stealth
  9223 | D:8      | Found Ibiyb's Magic Scroll Shoppe.
  9238 | D:8      | Bought a scroll of identify for 30 gold pieces
  9238 | D:8      | Bought a scroll of identify for 30 gold pieces
  9278 | D:8      | Received a gift from Nemelex Xobeh
  9319 | D:8      | Found Fegeyx's Antique Armour Shoppe.
  9348 | D:8      | Found a radiant altar of Vehumet.
  9373 | D:8      | Reached XP level 10. HP: 83/88 MP: 9/9
  9389 | D:8      | Found a shattered altar of Ashenzari.
  9525 | D:8      | Found a hide-covered altar of Uskayaw.
  9641 | D:9      | Found Eplanwat's Lightly-Used Armoury.
  9970 | D:9      | Found a staircase to the Lair.
 10006 | Lair:1   | Entered Level 1 of the Lair of Beasts
 10401 | Lair:1   | Reached skill level 5 in Dodging
 10403 | Lair:1   | Received a gift from Nemelex Xobeh
 10636 | Lair:1   | Reached ***** piety under Nemelex Xobeh
 10872 | Lair:1   | Received a gift from Nemelex Xobeh
 11299 | Lair:2   | Reached skill level 12 in Axes
 11300 | Lair:2   | Noticed a black mamba
 11305 | Lair:2   | HP: 2/88 [black mamba (6)]
 11327 | Lair:2   | HP: 4/88 [poisoned by a black mamba]
 11331 | Lair:2   | Found a runed translucent door.
 11333 | Lair:2   | Noticed Hyeqets's ghost (journeyman TrMo)
 11333 | Lair:2   | HP: 3/88 [poisoned by a black mamba]
 11337 | Lair:2   | HP: 1/88 [poisoned by a black mamba]
 11343 | Lair:2   | Slain by a water moccasin

Skill      XL: |  1  2  3  4  5  6  7  8  9 10 |
---------------+-------------------------------+-----
Shields        | 4 5 7 8 9 |  9.1
Armour         | 4 5 6 7 8 |  8.6
Fighting       | 4 5 6 7 8 |  8.2
Axes           | 3 4 5 6 7 9 11 12 | 12.1
Dodging        | 1 2 3 5 |  5.2
Stealth        | 1 |  1.1
Invocations    | |  0.7

Action                   |  1- 3 |  4- 6 |  7- 9 | 10-12 || total
-------------------------+-------+-------+-------+-------++-------
Melee: War axe           |    77 |   159 |   481 |     6 ||   723
       Headbutt          |     8 |    28 |    81 |    36 ||   153
       Hand axe          |       |       |       |   163 ||   163
Invok: Triple Draw       |       |       |     1 |       ||     1
 Abil: Draw Destruction  |       |     1 |     3 |       ||     4
  Use: Scroll            |     2 |       |    11 |     8 ||    21
       Potion            |       |       |    11 |     2 ||    13
  Eat: Ration            |       |     2 |     5 |     1 ||     8
       Chunk             |       |       |     4 |     4 ||     8
Armor: Scale mail        |    35 |    53 |   180 |    82 ||   350
Dodge: Dodged            |    21 |    44 |   142 |    65 ||   272
Block: Shield            |    42 |    80 |   243 |   133 ||   498
